 Dungeon Crawl Stone Soup version 0.29.1-1-gd02db6906a (webtiles) character file.

Game seed: 14584021310385101781

105 vvl the Chiller (level 4, -7/35 HPs)
             Began as a Ghoul Ice Elementalist on Sept 28, 2022.
             Mangled by Sigmund
             ... wielding a +0 scythe
              (11 damage)
             ... on level 2 of the Dungeon.
             The game lasted 00:05:28 (2995 turns).

vvl the Chiller (Ghoul Ice Elementalist)            Turns: 2995, Time: 00:05:30

Health: -7/35      AC:  3    Str: 11    XL:     4   Next: 81%
Magic:  3/6        EV: 12    Int: 12    God:
Gold:   126        SH:  0    Dex:  9    Spells: 6/7 levels left

rFire   . . .      SeeInvis .   l - +0 war axe
rCold   + . .      Faith    .   (no shield)
rNeg    + + +      Spirit   .   a - +0 robe
rPois   ∞          Reflect  .   (no helmet)
rElec   .          Harm     .   (no cloak)
rCorr   .          Rampage  .   j - +0 pair of gloves
Will    .....                   (no boots)
Stlth   ++........              (no amulet)
HPRegen 0.00/turn               (no ring)
MPRegen 0.10/turn               (no ring)

@: inhibited regen
A: claws 1, cold resistance 1, negative energy resistance 3, inhibited
regeneration, torment resistance 2, devour on kill
a: no special abilities


You were on level 2 of the Dungeon.
You visited 1 branch of the dungeon, and saw 3 of its levels.

You collected 126 gold pieces.

Inventory:

Hand Weapons
 l - a +0 war axe (weapon)
Armour
 a - a +0 robe (worn)
 j - a +0 pair of gloves (worn)
Scrolls
 d - a scroll of silence {unknown}
 f - 2 scrolls of identify {unknown}
 i - a scroll of teleportation {unknown}
 k - a scroll of amnesia {unknown}
Potions
 b - a potion of magic
 c - a potion of haste {unknown}
 e - a potion of mutation {unknown}
 g - 2 potions of invisibility {unknown}
 h - 2 potions of attraction {unknown}


   Skills:
 + Level 1.3 Fighting
 + Level 1.1 Armour
 + Level 2.3 Dodging
 - Level 2.1 Stealth
 + Level 2.2 Spellcasting
 + Level 1.1 Conjurations
 + Level 4.8 Ice Magic
 + Level 1.1 Poison Magic


You had 6 spell levels left.
You knew the following spells:

 Your Spells              Type           Power      Damage    Failure   Level
a - Freeze                Ice            48%        1d7       3%          1

Your spell library contained the following spells:

 Spells                   Type           Power      Damage    Failure   Level
 Frozen Ramparts          Ice            24%        1d4       11%         3
 Ozocubu's Armour         Ice            12%        N/A       11%         3
 Hailstorm                Conj/Ice       8%         3d4       61%         4
 Gell's Gravitas          Tloc           1%         N/A       63%         3
 Teleport Other           Tloc           1%         N/A       63%         3
 Dispersal                Tloc           0%         N/A       100%        6


Dungeon Overview and Level Annotations

Branches:
Dungeon (3/15)

Altars:

Annotations:
D:2 Sigmund


Innate Abilities, Weirdness & Mutations

You are immune to poison.
You have sharp fingernails.
Your flesh is cold resistant. (rC+)
You are immune to negative energy. (rN+++)
You do not regenerate when monsters are visible.
You are immune to unholy pain and torment.
You thrive by killing the living.


Message History

HP restored.
You start waiting.
Done waiting.
You see here a rat corpse.
There is a stone staircase leading up here.
You climb upwards.
Level annotation: Sigmund
There is a stone staircase leading down here.
Sigmund closely misses you.
You miscast Freeze.
You are very lightly contaminated with residual magic.
Nothing appears to happen.
Sigmund barely misses you.
You freeze Sigmund.
Sigmund is lightly wounded.
You freeze Sigmund.
Sigmund is moderately wounded.
Sigmund hits you but does no damage.
You freeze Sigmund.
Sigmund is heavily wounded.
Sigmund casts a spell.
Sigmund flickers and vanishes!
Deactivating autopickup; reactivate with Ctrl-A.
You miss something. Something hits you but does no damage.
You miss something. Something hits you.
Your magical contamination has completely faded away.
You closely miss something. Something hits you.
You miss something. Something hits you!
You miss something. Something hits you.
You barely miss something.
You hear some strange, mumbled words.
A puff of flame appears from out of thin air!
The puff of flame hits you!
* * * LOW HITPOINT WARNING * * *
You barely miss something.
You hear some strange, mumbled words.
A puff of flame appears from out of thin air!
The puff of flame hits you.
* * * LOW HITPOINT WARNING * * *
Something hits you!
You die...

#.....####.......#
......# #.......#
......# #.......##
......# #........#
#.....# ########.#
......# ####.#####
....#.########........#
..).........##...{....#
.....#......##.>@.....#
.....######..#####.####
...### ##...###.# ...#
##...#..# ..<# ###.#.##
...# ###.#.## ...#
#......# ...# #......#
)### #....).#


There were no monsters in sight!

Vanquished Creatures
  Terence (D:2)
  2 adders
  A worm (D:1)
  2 dart slugs (D:1)
  7 endoplasms
  2 giant cockroaches (D:1)
  A goblin (D:1)
  3 hobgoblins (D:1)
  7 jackals
  5 kobolds
  4 quokkas
  2 ball pythons
  7 bats
  2 frilled lizards (D:1)
  5 rats
51 creatures vanquished.

Notes
Turn   | Place    | Note
-------+----------+-------------------------------------------
     0 | D:1      | vvl the Ghoul Ice Elementalist began the quest for the Orb.
     0 | D:1      | Reached XP level 1. HP: 14/14 MP: 2/2
   315 | D:1      | Reached XP level 2. HP: 22/22 MP: 0/3
   657 | D:1      | Found a faded altar of an unknown god.
   883 | D:1      | Reached XP level 3. HP: 22/27 MP: 1/4
  1740 | D:2      | Noticed Terence
  2027 | D:1      | Reached skill level 1 in Fighting
  2032 | D:1      | Reached XP level 4. HP: 23/35 MP: 1/6
  2350 | D:1      | Reached skill level 1 in Poison Magic
  2463 | D:2      | Reached skill level 1 in Armour
  2516 | D:2      | Killed Terence
  2517 | D:2      | Reached skill level 1 in Conjurations
  2758 | D:2      | Noticed Sigmund
  2995 | D:2      | Mangled by Sigmund

Illustrated notes

Levels and vault maps discovered:
D:1:      kilobyte_arrival_exit_the_forest, layout_loops_ring,
          basic_ecumenical_altar
D:2:      layout_rooms, uniq_terence, uniq_sigmund
D:3:      layout_rooms, st_stairs_1, grunt_decor_one_mirror

Skill      XL: |  1  2  3  4 |
---------------+-------------+-----
Dodging        | 2 |  2.3
Spellcasting   | 2 |  2.2
Fighting       | 1 |  1.3
Poison Magic   | 1 |  1.1
Armour         | 1 |  1.1
Conjurations   | 1 |  1.1
Stealth        | |  2.1
Ice Magic      | |  4.8

Action                   |  1- 3 |  4- 6 || total
-------------------------+-------+-------++-------
Melee: Unarmed           |    65 |    26 ||    91
       War axe           |       |     8 ||     8
 Cast: Freeze            |    49 |    23 ||    72
 Stab: Sleeping          |       |     1 ||     1
Armor: Robe              |    29 |     7 ||    36
Dodge: Dodged            |    90 |    19 ||   109
